 Dungeon Crawl Stone Soup version 0.27-a0-1358-ga0a28fc8c3 (webtiles) character file.

Game seed: 7544954351948306331

5489 Delamore the Covert (level 10, 0/66 HPs)
             Began as an Octopode Brigand on June 28, 2021.
             Slain by a killer bee (10 damage)
             ... on level 8 of the Dungeon.
             The game lasted 00:12:59 (11750 turns).

Delamore the Covert (Octopode Brigand)             Turns: 11750, Time: 00:12:59

Health: 0/66       AC:  1    Str: 10    XL:     10   Next: 69%
Magic:  10/10      EV: 16    Int: 19    God:
Gold:   412        SH:  8    Dex: 17    Spells: 9/9 levels left

rFire    . . .     SeeInvis .   J - +3 quick blade
rCold    + . .     Faith    .   k - +3 buckler "Enwaq" {rC+ Int+5}
rNeg     . . .     Spirit   .   (helmet restricted)
rPois    +         Reflect  .   (no amulet)
rElec    .         Harm     .   n - ring of poison resistance
rCorr    .         Rampage  .   (no ring)
Will     .....                  (no ring)
Stlth    ++++++....             (no ring)
HPRegen  0.21/turn              (no ring)
MPRegen  0.12/turn              (no ring)
                                (no ring)
                                (no ring)

@: about to teleport
A: almost no armour, amphibious, 8 rings, camouflage 1, gelatinous body 1,
(nimble swimmer 1), tentacles
a: no special abilities


You were on level 8 of the Dungeon.
You visited 2 branches of the dungeon, and saw 10 of its levels.
You also visited: Ossuary.

You collected 424 gold pieces.
You spent 12 gold pieces at shops.

Inventory:

Hand Weapons
 a - a +2 vorpal dagger
 g - a +0 dagger of holy wrath
 i - a +1 dagger of draining
 J - a +3 quick blade (weapon)
Missiles
 b - 4 atropa-tipped darts
 m - 27 poisoned darts (quivered)
 F - 18 boomerangs
 H - 3 boomerangs of dispersal
 K - 2 curare-tipped darts
Armour
 k - the +3 buckler "Enwaq" (worn) {rC+ Int+5}
   (You acquired it on level 3 of the Dungeon)

   Int:       It affects your intelligence (+5).
   rC:        It protects you from cold.
Jewellery
 n - a ring of poison resistance (left tentacle)
Wands
 c - a wand of iceblast (3)
 d - a wand of paralysis (16)
 j - a wand of charming (3)
 r - a wand of polymorph (10)
 I - a wand of acid (3)
 M - a wand of flame (14)
Scrolls
 e - 6 scrolls of teleportation
 f - 3 scrolls of noise
 h - 5 scrolls of fog
 u - 4 scrolls of amnesia
 y - a scroll of blinking
 D - 2 scrolls of enchant armour
 E - a scroll of vulnerability {unknown}
 G - 3 scrolls of immolation {unknown}
 L - a scroll of identify
Potions
 l - 3 potions of might
 o - 4 potions of lignification
 p - a potion of brilliance
 q - 2 potions of cancellation
 s - a potion of magic
 v - 2 potions of resistance
 w - 2 potions of haste
 x - a potion of berserk rage {unknown}
 z - a potion of ambrosia {unknown}
 A - 2 potions of heal wounds
 B - a potion of flight {unknown}
 C - 2 potions of attraction


   Skills:
 - Level 5.0 Fighting
 - Level 10.0 Short Blades
 - Level 6.0 Throwing
 + Level 6.5 Dodging
 - Level 10.0 Stealth
 - Level 4.0 Shields
 + Level 0.0 Evocations


You had 9 spell levels left.
You didn't know any spells.
Your spell library contained the following spells:

 Spells                   Type           Power      Damage    Failure   Level
 Animate Skeleton         Necr           0%         N/A       21%         1
 Apportation              Tloc           0%         N/A       21%         1
 Corona                   Hex            0%         N/A       21%         1
 Magic Dart               Conj           0%         1d3       21%         1
 Summon Small Mammal      Summ           0%         N/A       21%         1
 Blink                    Tloc           N/A        N/A       30%         2
 Call Imp                 Summ           0%         N/A       30%         2
 Ensorcelled Hibernation  Hex/Ice        0%         N/A       30%         2
 Slow                     Hex            0%         N/A       30%         2
 Confusing Touch          Hex            0%         N/A       52%         3
 Conjure Flame            Conj/Fire      0%         6-21      52%         3
 Dazzling Flash           Conj/Hex       0%         N/A       52%         3
 Mephitic Cloud           Conj/Pois/Air  0%         N/A       52%         3
 Tukima's Dance           Hex            0%         N/A       52%         3


Dungeon Overview and Level Annotations

Branches:
Dungeon (9/15)             Temple (1/1) D:6         Ossuary (visited)
   Lair: D:8-11         Orc: D:9-12

Altars:
Ashenzari
Dithmenos
Elyvilon
Fedhas
Hepliaklqana
Kikubaaqudgha
Makhleb
Nemelex Xobeh
Okawaru
Qazlal
Ru
Sif Muna
Vehumet
Wu Jian
Xom
Yredelemnul
The Shining One

Shops:
D:1 *   D:2 [

Annotations:
D:6 3 runed translucent doors, Turbonekonecno's ghost, novice SpEn


Innate Abilities, Weirdness & Mutations

You cannot wear most types of armour.
You are amphibious.
You can wear up to eight rings at the same time.
Your skin changes colour to match your surroundings (Stealth+).
Your rubbery body absorbs attacks. (AC +1, EV +1)
((You are camouflaged near water. (Stealth+)))
You have tentacles for arms and can constrict up to eight enemies at once.


Message History

The killer bee barely misses you. You block the killer bee's attack.
The killer bee misses you. You block the killer bee's attack.
A killer bee zombie comes into view.
The killer bee closely misses you. The killer bee stings you!
You are poisoned.
The killer bee poisons you!
There is a stone staircase leading up here.
You feel sick. You block the killer bee's attack. x2
The killer bee stings you. You block the killer bee's attack.
The killer bee misses you. x2; The killer bee completely misses you.
The killer bee misses you.
You climb upwards.
You feel very sick.
There is a stone staircase leading down here.
You feel sick. You block the killer bee's attack. x2
The killer bee misses you.
Aiming: Charm
Press: ? - help, Shift-Dir - straight line, f - killer bee
Aim: a killer bee (chance to affect: 54%)
The killer bee is charmed.
You feel sick. The killer bee stings you. The killer bee barely misses you.
You block the killer bee's attack. The killer bee stings you! x2
You are more poisoned.
The killer bee poisons you! You block the killer bee's attack.
You feel better. The killer bee stings you!
The killer bee barely misses you. x2
The killer bee stings you. The killer bee closely misses you.
The killer bee stings you!
* * * LOW HITPOINT WARNING * * *
As you read the scroll of teleportation, it crumbles to dust.
You feel strangely unstable. The killer bee stings you!
* * * LOW HITPOINT WARNING * * *
You are lethally poisoned!
The killer bee poisons you! The killer bee closely misses you. x2
You block the killer bee's attack. x3
You feel better. You block the killer bee's attack. x2
The killer bee barely misses you. The killer bee stings you.
* * * LOW HITPOINT WARNING * * *
You block the killer bee's attack. The killer bee stings you!
You die...

####### ####### ......#
#.....##### ##### ####'.#
#.....'...# #..z. ⌠.⌠.#.#
#.....#...# #.... ....#.#
#.....################...
._..#.###.......yy....#...^.##..>
....#.....####..@y....#.....##..z
....#.....#..#...y....#.....#####
._..#.....#..#........#.....>....
..(.#.....#..#........#..........
⌠.⌠.#.....#..#........##'##......
####'.....#..#......(.....#######
..........#..#............#
...########..#............#
......<......#.)).........#


You could see 3 killer bees and a friendly killer bee (charmed).

Vanquished Creatures
  Sigmund (D:6)
  A wraith (Ossuary)
  A wyvern (D:8)
  6 steam dragons
  A golden eye (shapeshifter) (D:8)
  Edmund (D:6)
  Menkaure (D:5)
  4 water moccasins
  5 orc warriors
  2 sky beasts (D:7)
  2 ice beasts (D:8)
  2 black bears
  3 ogres
  2 necrophages
  A centaur (D:8)
  A phantom (D:4)
  A kobold brigand (D:8)
  2 bullfrogs (D:8)
  A gnoll sergeant (D:8)
  A wyvern zombie (D:8)
  2 scorpions
  A killer bee (D:8)
  3 wights (D:8)
  2 howler monkeys
  A bullfrog zombie (D:6)
  A centaur zombie (D:7)
  A hound (D:5)
  6 orc priests
  2 bullfrog skeletons (D:5)
  2 gnoll shamans
  Jessica (D:2)
  Ijyb (D:3)
  Natasha (thrice) (D:2)
  5 iguanas
  9 orc wizards
  A hound skeleton (D:4)
  3 mummies
  A howler monkey zombie (D:8)
  6 gnolls
  2 howler monkey skeletons
  8 adders
  A howler monkey simulacrum (D:8)
  2 ufetubi
  An adder skeleton (D:6)
  2 worms
  3 dart slugs
  36 orcs
  6 ball pythons
  9 endoplasms
  2 giant cockroaches
  4 goblins
  4 hobgoblins
  2 jackals (D:2)
  A quokka (D:5)
  2 bats
  A frilled lizard (D:2)
  4 gnoll skeletons (Ossuary)
  7 kobolds
  3 kobold skeletons (Ossuary)
  3 kobold zombies (D:5)
  18 orc skeletons (Ossuary)
  2 orc zombies (D:5)
  3 rats
216 creatures vanquished.

Vanquished Creatures (collateral kills)
  An ogre (D:4)
1 creature vanquished.

Vanquished Creatures (others)
  A hobgoblin (D:4)
1 creature vanquished.

Grand Total: 218 creatures vanquished

Notes
Turn   | Place    | Note
-------+----------+-------------------------------------------
     0 | D:1      | Delamore the Octopode Brigand began the quest for the Orb.
     0 | D:1      | Reached XP level 1. HP: 14/14 MP: 1/1
   133 | D:1      | Found Dofraq's General Store.
   141 | D:1      | Bought a scroll of noise for 12 gold pieces
   199 | D:1      | Reached XP level 2. HP: 19/19 MP: 2/2
   226 | D:1      | Found a faded altar of an unknown god.
   980 | D:2      | Reached XP level 3. HP: 25/25 MP: 3/3
  1112 | D:2      | Found Mapladimo's Antique Armour Shoppe.
  1155 | D:2      | Noticed Natasha
  1159 | D:2      | Killed Natasha
  1256 | D:2      | Reached XP level 4. HP: 30/30 MP: 4/4
  1262 | D:2      | Noticed Natasha
  1269 | D:2      | Killed Natasha
  1332 | D:2      | Noticed Jessica
  1337 | D:2      | Killed Jessica
  1386 | D:2      | Noticed Natasha
  1396 | D:2      | Killed Natasha
  1397 | D:2      | Reached XP level 5. HP: 18/36 MP: 5/5
  2419 | D:3      | Noticed Ijyb
  2432 | D:3      | Killed Ijyb
  2763 | D:3      | Reached XP level 6. HP: 39/43 MP: 6/6
  2893 | D:3      | Identified a scroll of acquirement
  2893 | D:3      | Acquired the +3 buckler "Enwaq" {rC+ Int+5}
  2928 | D:4      | Reached skill level 1 in Shields
  2985 | D:4      | Found a stormy altar of Qazlal.
  2989 | D:4      | Noticed Menkaure
  3147 | D:4      | Reached XP level 7. HP: 33/48 MP: 7/7
  4435 | D:5      | Entered Level 5 of the Dungeon
  4435 | D:5      | Noticed a wraith
  4746 | D:5      | Found a sand-covered staircase.
  4756 | Ossuary  | Entered an ossuary
  4756 | Ossuary  | Noticed a wraith
  4756 | Ossuary  | Noticed a wraith
  4756 | Ossuary  | Noticed a wraith
  4879 | Ossuary  | Noticed a wraith
  4890 | Ossuary  | Killed a wraith
  4891 | Ossuary  | Reached skill level 5 in Fighting
  4891 | Ossuary  | Reached skill level 5 in Short Blades
  4891 | Ossuary  | Reached XP level 8. HP: 55/55 MP: 8/8
  5097 | D:5      | Killed Menkaure
  5778 | D:5      | Found a basalt altar of Yredelemnul.
  6243 | D:5      | Reached skill level 10 in Stealth
  6325 | D:6      | Reached XP level 9. HP: 61/61 MP: 9/9
  6345 | D:6      | Noticed Sigmund
  6359 | D:6      | Killed Sigmund
  6431 | D:6      | Found a staircase to the Ecumenical Temple.
  6446 | Temple   | Entered the Ecumenical Temple
  6691 | D:6      | Noticed Edmund
  6786 | D:6      | Killed Edmund
  6963 | D:6      | Found a shimmering altar of Xom.
  7388 | D:6      | Acquired a +3 quick blade
  7919 | D:6      | Noticed a troll
  7925 | D:6      | Found a runed translucent gate.
  7925 | D:6      | Found a runed translucent gate.
  7925 | D:6      | Found a runed translucent gate.
  7926 | D:6      | Noticed Turbonekonecno's ghost (novice SpEn)
  7976 | D:6      | Found a white marble altar of Elyvilon.
  8170 | D:7      | Paralysed by an orc warrior for 3 turns
  8211 | D:7      | Reached skill level 10 in Short Blades
  8714 | D:7      | Reached XP level 10. HP: 66/66 MP: 10/10
 10218 | D:8      | Found a radiant altar of Vehumet.
 10218 | D:8      | Found an iron altar of Okawaru.
 10252 | D:8      | Reached skill level 5 in Throwing
 10453 | D:8      | Found a shadowy altar of Dithmenos.
 10724 | D:8      | Reached skill level 5 in Dodging
 11750 | D:8      | Slain by a killer bee

Illustrated notes

Levels and vault maps discovered:
D:1:      roderic_chinese_lattice_arrival, layout_basic, serial_shops, shop,
          ebering_ecumenical_altar_abandoned
D:2:      layout_loops_ring, serial_shops, shop, uniq_jessica, uniq_natasha
D:3:      layout_rooms, minivault_4, uniq_ijyb
D:4:      cheibrodos_barr_body, layout_basic, grunt_qazlal_sundering,
          minivault_5, uniq_menkaure
D:5:      layout_basic, lemuel_doored_altar, nicolae_ossuary_entry_giza,
          minmay_stone_trees_small, grunt_ministairs_7, minivault_19,
          minmay_mini_ossuary
D:6:      cheibrodos_steamvent, layout_basic, general_overflow_altar,
          nicolae_overflow_crystal_walls, minmay_temple_entry_arrows,
          gammafunk_ghost_split, uniq_sigmund, uniq_edmund
D:7:      layout_basic
D:8:      nzn_winding_woodlands_medium [nzn_winding_woodlands_5x5_checkerboard,
          nzn_winding_woodlands_5x15_sidewinder,
          nzn_winding_woodlands_5x5_default, nzn_winding_woodlands_5x5_cross,
          nzn_winding_woodlands_center_lodge, nzn_winding_woodlands_hourglass,
          nzn_winding_woodlands_5x5_perimeter,
          nzn_winding_woodlands_5x15_default,
          nzn_winding_woodlands_5x5_default], layout_gridville,
          nicolae_dithmenos_the_darkroom, jmf_multi_god_temple
D:9:      layout_cave_pools, pdpol_temple_overflow_zin_treasury_gozag_greed
Temple:   dpeg_chambers_temple

Skill      XL: |  1  2  3  4  5  6  7  8  9 10 |
---------------+-------------------------------+-----
Stealth        | 6 7 8 10 | 10.0
Fighting       | 3 4 5 |  5.0
Short Blades   | 3 4 5 7 10 | 10.0
Shields        | 1 3 4 |  4.0
Dodging        | 3 6 |  6.5
Throwing       | 3 6 |  6.0

Action                   |  1- 3 |  4- 6 |  7- 9 | 10-12 || total
-------------------------+-------+-------+-------+-------++-------
Melee: Dagger            |    30 |    78 |   282 |       ||   390
       Constrict         |     7 |    13 |    69 |    34 ||   123
       Tentacles         |     2 |     8 |    81 |    71 ||   162
       Unarmed           |       |     3 |       |       ||     3
       Quick blade       |       |       |    45 |   285 ||   330
Throw: Dart              |     1 |     2 |    31 |     4 ||    38
       Boomerang         |       |       |    12 |       ||    12
       Throwing net      |       |       |     1 |     1 ||     2
Evoke: Wand              |       |       |     4 |     5 ||     9
  Use: Scroll            |     1 |     5 |    14 |     1 ||    21
       Potion            |       |       |       |     3 ||     3
 Stab: Sleeping          |    11 |    14 |    19 |     4 ||    48
       Distracted        |       |       |     1 |     1 ||     2
Armor: Skin              |       |     1 |     8 |     1 ||    10
Dodge: Dodged            |     8 |    31 |   106 |    60 ||   205
Block: Buckler           |       |     3 |    89 |    64 ||   156

Table legend: (Time is in decaauts)
 A = Elapsed time spent in this place.
 B = Non-inter-level travel time spent in this place.
 C = Inter-level travel time spent in this place.
 D = Time resting spent in this place.
 E = Time spent auto-exploring this place.
 F = Levels seen in this place.
 G = Mean time per level.
                   A        B        C        D        E       F      G
               +--------+--------+--------+--------+--------+-----+--------+
         Total |  11432 |  11152 |    280 |   3021 |   6738 |  11 | 1039.3 |
       Dungeon |  10924 |  10668 |    256 |   3021 |   6358 |   9 | 1213.8 |
        Temple |    243 |    219 |     24 |      0 |    218 |   1 |  243.0 |
       Ossuary |    264 |    264 |      0 |      0 |    162 |   1 |  264.0 |
               +--------+--------+--------+--------+--------+-----+--------+

Top non-repeatable levels by time:
     D:8: 2159 daAuts
     D:4: 1874 daAuts
     D:6: 1754 daAuts
     D:2: 1246 daAuts
     D:5: 1204 daAuts
     D:7: 1016 daAuts
     D:1: 963 daAuts
     D:3: 699 daAuts
 Ossuary: 264 daAuts
  Temple: 243 daAuts
     D:9: 3 daAuts
